 Dungeon Crawl Stone Soup version 0.26-a0-694-g74916bafe0 (webtiles) character file.

Game seed: 11452681476620365297

124353 CheiIsBae the Executioner (level 16, -10/141 HPs)
             Began as a Hill Orc Fighter on Oct 25, 2020.
             Was the Champion of Makhleb.
             Killed from afar by Ilsuiw (50 damage)
             ... with a shard of ice
             ... on level 2 of the Shoals.
             The game lasted 00:57:12 (30226 turns).

CheiIsBae the Executioner (Hill Orc Fighter)       Turns: 30226, Time: 00:57:13

Health: -10/141    AC: 43    Str: 26    XL:     16   Next: 92%
Magic:  26/26      EV:  9    Int:  8    God:    Makhleb [******]
Gold:   230        SH:  0    Dex: 10    Spells: 15/15 levels left

rFire    . . .     SeeInvis .   b - +5 executioner's axe (freeze)
rCold    + . .     Faith    .   (shield currently unavailable)
rNeg     + . .     Spirit   .   f - +27 Lear's hauberk
rPois    .         Reflect  .   (helmet currently unavailable)
rElec    .         Harm     .   p - scarf {shadows}
rCorr    .         Rampage  .   (gloves currently unavailable)
MR       +....                  (boots currently unavailable)
Stlth    ..........             w - amulet of the acrobat
HPRegen  0.33/turn              V - +4 ring of protection
MPRegen  0.20/turn              o - ring of Raabrihi {rC+ rN+}

@: mighty, about to teleport, mesmerised, hasted, quick
A: no striking features
a: Minor Destruction, Lesser Servant of Makhleb, Major Destruction, Greater
Servant of Makhleb, Renounce Religion


You were on level 2 of the Shoals.
You worshipped Makhleb.
Makhleb was exalted by your worship.
You visited 6 branches of the dungeon, and saw 27 of its levels.
You also visited: Ice Cave.

You collected 2466 gold pieces.
You spent 2236 gold pieces at shops.

Inventory:

Hand Weapons
 a - a +0 hand axe of flaming
 b - a +5 executioner's axe of freezing (weapon)
Missiles
 T - 4 throwing nets (quivered)
Armour
 f - the +27 Lear's hauberk (worn)
   (You found it in an ice cave)
 p - a scarf of shadows (worn)
 v - a +2 helmet of see invisible
 K - the +2 helmet "Rialob" {+Inv rElec}
   (You found it on level 9 of the Dungeon)

   It insulates you from electricity.
   It lets you turn invisible.
Jewellery
 d - an uncursed ring of positive energy
 o - the ring of Raabrihi (right hand) {rC+ rN+}
   (You acquired it on level 1 of the Shoals)

   [ring of protection from cold]

   It protects you from cold.
   It protects you from negative energy.
 u - an uncursed ring of positive energy
 w - an amulet of the acrobat (around neck)
 O - a +4 ring of evasion
 U - the ring of Exhibitionism {MR+ Stlth-}
   (You found it on level 15 of the Dungeon)

   [ring of attention]

   It affects your resistance to hostile enchantments.
   It makes you less stealthy.
 V - a +4 ring of protection (left hand)
Wands
 e - a wand of paralysis (22)
 r - a wand of acid (21)
 B - a wand of polymorph (19)
 G - a wand of disintegration (5)
 J - a wand of iceblast (9)
 R - a wand of digging (2)
 Z - a wand of enslavement (10)
Scrolls
 h - 6 scrolls of amnesia
 m - 3 scrolls of blinking
 n - 17 scrolls of remove curse
 q - 8 scrolls of teleportation
 t - a scroll of silence
 y - 9 scrolls of identify
 z - 3 scrolls of enchant armour
 D - 5 scrolls of fog
 F - 5 scrolls of magic mapping
 L - 3 scrolls of fear
 X - a scroll of enchant weapon
Potions
 c - a potion of invisibility
 g - 2 potions of stabbing
 i - 13 potions of curing
 j - 3 potions of magic
 k - 6 potions of ambrosia
 l - a potion of berserk rage
 s - 8 potions of brilliance
 x - 5 potions of cancellation
 E - 2 potions of flight
 M - 2 potions of heal wounds
 Q - a potion of might
 S - a potion of haste
Miscellaneous
 Y - a phial of floods


   Skills:
 + Level 12.4 Fighting
 * Level 24.0 Axes
 + Level 12.7 Armour
   Level 12.0 Shields
 - Level 14.5 Invocations


You had 15 spell levels left.
You didn't know any spells.
Your spell library contained the following spells:

 Spells                   Type           Power        Failure   Level
 Animate Skeleton         Necr           #.....       88%         1
 Corona                   Hex            #......      88%         1
 Foxfire                  Conj/Fire      #...         88%         1
 Freeze                   Ice            #...         88%         1
 Pain                     Necr           #...         88%         1
 Ensorcelled Hibernation  Hex/Ice        #.....       95%         2
 Confusing Touch          Hex            #.......     99%         3
 Conjure Flame            Conj/Fire      #.......     99%         3
 Dazzling Flash           Conj/Hex       #.....       99%         3
 Frozen Ramparts          Ice            #.....       99%         3
 Inner Flame              Hex/Fire       #.......     99%         3
 Ozocubu's Armour         Ice            #.......     99%         3
 Tukima's Dance           Hex            #.......     99%         3
 Vampiric Draining        Necr           #.........   99%         3
 Animate Dead             Necr           #.........   100%        4
 Cause Fear               Hex            #.........   100%        4
 Hailstorm                Conj/Ice       #.......     100%        4
 Sticky Flame             Conj/Fire      #.......     100%        4
 Summon Ice Beast         Ice/Summ       #.......     100%        4
 Agony                    Necr           #.......     100%        5
 Fireball                 Conj/Fire      #.........   100%        5
 Silence                  Hex/Air        #.........   100%        5
 Yara's Violent Unravell  Hex/Tmut       #.........   100%        5
 Discord                  Hex            #.........   100%        8


Dungeon Overview and Level Annotations

Branches:
Dungeon (15/15)            Temple (1/1) D:6            Lair (6/6) D:8
 Shoals (2/4) Lair:2       Spider (0/4) Lair:3        Slime (1/5) Lair:5
    Orc (2/2) D:11            Elf (0/3) Orc:2        Vaults (0/5) D:13
 Depths (0/5) D:15          IceCv (visited)

Altars:
Ashenzari
Cheibriados
Dithmenos
Elyvilon
Fedhas
Gozag
Hepliaklqana
Kikubaaqudgha
Makhleb
Nemelex Xobeh
Okawaru
Qazlal
Ru
Sif Muna
Trog
Uskayaw
Vehumet
Wu Jian
Xom
Yredelemnul
Zin
The Shining One
Beogh
Jiyva

Shops:
D:4 *[:   D:5 [[?(   D:7 *   D:9 [   D:11 =   Orc:2 }!?[   Shoals:1 *

Annotations:
D:10 1 runed translucent door, Ziciyjev's ghost, journeyman FoFi
Lair:3 2 runed translucent doors, Kinoniko's ghost, journeyman DrBe
Lair:4 exclusion: 2 oklob plants
Shoals:2 Ilsuiw


Message History

Your Executioner hits the merfolk avatar.
Your Executioner closely misses the merfolk avatar.
The merfolk avatar chants its luring song.
You closely miss the merfolk avatar.
The merfolk avatar is moderately wounded.
You hit the snapping turtle.
The snapping turtle seems to slow down.
You freeze the snapping turtle.
Your Executioner barely misses the merfolk avatar.
Your Executioner hits the merfolk avatar!
Your Executioner hits the merfolk avatar.
The merfolk siren chants its luring song.
The snapping turtle completely misses you.
Your unstable footing causes you to fumble your attack.
Your Executioner barely misses the merfolk avatar.
Your Executioner closely misses the merfolk avatar.
Your Executioner hits the merfolk avatar. x3
Your Executioner hits the merfolk avatar!
Ilsuiw gestures at you while chanting. The shard of ice hits you!!!
You partially resist.
You die...

# # # ≈≈≈≈≈≈≈≈≈≈≈≈≈≈ ##
≈≈≈≈≈≈≈≈≈≈≈≈≈≈ .#
..≈≈≈≈≈≈≈≈≈≈≈≈≈ .##
#..≈≈≈≈≈≈≈≈≈≈≈≈≈
..######.≈..≈≈≈≈≈≈≈≈≈≈≈≈
.........≈≈≈≈≈≈≈1m≈≈≈≈≈≈
.........≈≈≈≈≈≈≈@≈≈≈≈≈≈≈
............$≈≈t≈≈≈≈≈≈≈≈
.........###.≈≈≈mm≈≈≈≈≈≈
.........####.)≈≈≈≈≈≈≈≈≈
..................≈≈≈≈≈≈
.............)...#.≈≈≈≈≈
.............?...#.≈≈≈≈≈
#...#####........#.≈≈≈≈≈
##.## #........# ≈≈≈≈


You could see Ilsuiw, a merfolk avatar (mesmerising), a snapping turtle (slow),
a merfolk siren (mesmerising) and a friendly Executioner (summoned, fast).

Vanquished Creatures
  Rupert (Lair:4)
  A kraken (Shoals:1)
  Gastronok (Lair:1)
  Frances (D:12)
  Nessos (Lair:6)
  A merfolk impaler (Shoals:2)
  Snorg (D:12)
  An ettin (Orc:2)
  Erolcha (D:10)
  2 fire dragons (D:15)
  Josephine (D:15)
  A rakshasa (D:15)
  3 boulder beetles
  10 hydras
  The ghost of hemabe71 the Covert, a journeyman HuAr of Trog (D:9)
  A vault guard (D:13)
  2 merfolk avatars
  2 catoblepae (Shoals:2)
  2 centaur warriors (D:14)
  11 death yaks
  6 two-headed ogres
  Urug (Lair:1)
  3 orc high priests (Orc:2)
  A fire crab (shapeshifter) (D:14)
  5 unseen horrors
  3 sea snakes (Shoals:1)
  5 orc knights (Orc:2)
  6 harpies (Shoals:1)
  25 ugly things
  A faun (Shoals:2)
  4 orc sorcerers (Orc:2)
  A wolf spider zombie (D:14)
  5 deep elf magi
  An oklob plant (D:11)
  8 cyclopes
  10 elephants
  9 manticores
  A water nymph (Shoals:1)
  7 black mambas
  2 merfolk sirens (Shoals:2)
  3 ice statues (IceCv)
  6 cane toads
  A molten gargoyle (D:14)
  Joseph (D:10)
  A gargoyle (D:15)
  2 rime drakes
  A yaktaur (D:15)
  6 komodo dragons
  4 merfolk
  A queen bee (D:9)
  3 polar bears
  4 meliai
  13 trolls
  4 wind drakes
  Grinder (D:5)
  3 hornets
  11 blink frogs
  2 snapping turtles (Shoals:1)
  Sigmund (D:5)
  3 shadows
  2 water elementals
  9 wyverns
  7 wraiths
  49 yaks
  10 humans (D:13)
  A steam dragon (D:9)
  A basilisk (D:8)
  2 wargs
  4 vampire mosquitoes (D:15)
  10 water moccasins
  An acid dragon (D:13)
  A soldier ant (D:13)
  A meliai simulacrum (D:15)
  2 eyes of draining
  16 ice beasts
  24 orc warriors
  2 phantoms
  A black bear (shapeshifter) (D:13)
  4 sky beasts
  7 black bears
  The ghost of nano the Sneak, an amateur PaDe (D:5)
  A necrophage (D:8)
  12 ogres
  16 wolves
  12 centaurs
  5 big kobolds
  24 bullfrogs
  2 wyvern skeletons
  5 scorpions
  12 killer bees
  5 howler monkeys
  13 wights
  An electric eel (Lair:1)
  6 centaur zombies
  4 bullfrog skeletons
  3 hounds
  12 jellies
  22 orc wizards
  33 orc priests
  4 centaur skeletons
  4 iguanas
  13 worker ants
  2 hound zombies
  A hound skeleton (D:6)
  A howler monkey zombie (D:11)
  12 gnolls
  17 adders
  2 shadow imps
  2 white imps (D:6)
  An ufetubus (D:6)
  15 oozes
  An adder skeleton (D:9)
  4 adder zombies
  2 worms
  7 dart slugs
  8 leopard geckos
  99 orcs
  2 ball pythons
  6 giant cockroaches
  10 goblins
  13 hobgoblins
  23 jackals
  34 kobolds
  2 quokkas
  9 bats
  5 frilled lizards
  A leopard gecko skeleton (D:5)
  A quokka skeleton (D:8)
  7 rats
  3 tentacles (Shoals:1)
874 creatures vanquished.

Vanquished Creatures (others)
  A human (D:13)
  An orc warrior (Orc:2)
  An orc (D:9)
  36 fungi
  52 plants
  20 tentacles (Shoals:1)
111 creatures vanquished.

Grand Total: 985 creatures vanquished

Notes
Turn   | Place    | Note
-------+----------+-------------------------------------------
     0 | D:1      | CheiIsBae the Hill Orc Fighter began the quest for the Orb.
     0 | D:1      | Reached XP level 1. HP: 19/19 MP: 1/1
   174 | D:1      | Reached skill level 3 in Axes
   214 | D:1      | Reached XP level 2. HP: 24/27 MP: 2/2
   329 | D:1      | Reached XP level 3. HP: 26/33 MP: 3/3
   511 | D:1      | Reached skill level 4 in Axes
  1251 | D:2      | Reached XP level 4. HP: 37/40 MP: 4/4
  1572 | D:2      | Reached skill level 5 in Axes
  2036 | D:2      | Reached XP level 5. HP: 46/46 MP: 5/5
  2565 | D:4      | Found Licaer's General Store.
  2573 | D:4      | Bought a scroll of teleportation for 42 gold pieces
  2573 | D:4      | Bought a scroll of remove curse for 42 gold pieces
  2573 | D:4      | Bought a potion of brilliance for 56 gold pieces
  2644 | D:4      | Reached skill level 6 in Axes
  3337 | D:4      | Found Wyin's Armour Emporium.
  3448 | D:4      | Found Hosaesoy's Book Shop.
  3500 | D:4      | Reached XP level 6. HP: 42/53 MP: 6/6
  3607 | D:4      | Reached skill level 7 in Axes
  3937 | D:5      | Entered Level 5 of the Dungeon
  4050 | D:5      | Found Gutsoskuf's Magic Scroll Emporium.
  4050 | D:5      | Found Wecaos's Antique Armour Boutique.
  4372 | D:5      | Noticed Sigmund
  4378 | D:5      | Killed Sigmund
  4378 | D:5      | Reached skill level 8 in Axes
  4378 | D:5      | Reached XP level 7. HP: 54/60 MP: 7/7
  4445 | D:5      | Noticed Grinder
  4462 | D:5      | Killed Grinder
  4462 | D:5      | Reached skill level 9 in Axes
  4536 | D:5      | Found a glowing silver altar of Zin.
  4608 | D:5      | Found Javiem Zymas's Antique Weapon Boutique.
  5119 | D:3      | Reached skill level 5 in Shields
  5121 | D:3      | Reached skill level 10 in Axes
  5121 | D:3      | Reached XP level 8. HP: 66/67 MP: 8/8
  5486 | D:5      | Bought a scroll of enchant armour for 82 gold pieces
  5698 | D:5      | Found a runed translucent gate.
  5727 | D:5      | Found a glowing golden altar of the Shining One.
  5802 | D:5      | Found Tovvoll's Antique Armour Boutique.
  5820 | D:5      | Noticed nano's ghost (amateur PaDe)
  5821 | D:5      | Found a runed translucent gate.
  5821 | D:5      | Found a runed translucent gate.
  5821 | D:5      | Identified the +3 leather armour of Inviolability {-Tele
                  | Rampage Dex+4}
  5826 | D:5      | Found a roughly hewn altar of Beogh.
  5947 | D:5      | Killed nano's ghost
  5947 | D:5      | Reached skill level 11 in Axes
  6208 | D:6      | Reached skill level 12 in Axes
  6327 | D:5      | Reached XP level 9. HP: 51/72 MP: 9/9
  6656 | D:6      | Reached skill level 13 in Axes
  6765 | D:6      | Found a staircase to the Ecumenical Temple.
  6771 | Temple   | Entered the Ecumenical Temple
  7159 | Temple   | Became a worshipper of Makhleb the Destroyer
  7594 | D:7      | Reached skill level 5 in Armour
  7671 | D:7      | Found Alafreapu's General Store.
  7674 | D:7      | Bought a potion of heal wounds for 65 gold pieces
  8172 | D:8      | Found a staircase to the Lair.
  8172 | D:8      | Noticed an elephant
  8174 | D:8      | Noticed a two-headed ogre
  8198 | D:8      | Reached skill level 14 in Axes
  8217 | D:8      | Killed an elephant
  8217 | D:8      | Reached XP level 10. HP: 80/80 MP: 10/10
  8223 | D:8      | Killed a two-headed ogre
  8223 | D:8      | Reached skill level 15 in Axes
  8372 | D:8      | Reached * piety under Makhleb
  8799 | D:8      | Found a basalt altar of Yredelemnul.
  9218 | D:9      | Noticed a two-headed ogre
  9228 | D:9      | Reached skill level 16 in Axes
 10291 | D:9      | Reached ** piety under Makhleb
 10331 | D:9      | Reached XP level 11. HP: 85/85 MP: 11/11
 10407 | D:9      | Found Soose's Antique Armour Shop.
 10415 | D:9      | Bought a jewelled cloak for 190 gold pieces
 10415 | D:9      | Identified the +0 cloak of Untold Secrets {Str+3} (You
                  | bought it in a shop on level 9 of the Dungeon)
 10490 | D:9      | Noticed hemabe71's ghost (journeyman HuAr)
 10512 | D:9      | Found a transporter.
 10513 | D:9      | Found a transporter.
 10568 | D:9      | Paralysed by a hornet for 1 turns
 10578 | D:9      | Reached skill level 17 in Axes
 10691 | D:9      | Killed hemabe71's ghost
 11053 | D:9      | Got a slimy helmet
 11054 | D:9      | Identified the +2 helmet "Rialob" {+Inv rElec} (You found
                  | it on level 9 of the Dungeon)
 11243 | D:9      | Killed a two-headed ogre
 11619 | D:10     | Entered Level 10 of the Dungeon
 11670 | D:10     | Reached skill level 1 in Invocations
 11863 | D:10     | Noticed Erolcha
 11875 | D:10     | Killed Erolcha
 11875 | D:10     | Reached skill level 5 in Fighting
 12067 | D:10     | Reached *** piety under Makhleb
 12117 | D:10     | Noticed Joseph
 12129 | D:10     | Killed Joseph
 12355 | D:10     | Found a runed translucent door.
 12565 | D:10     | Noticed Ziciyjev's ghost (journeyman FoFi)
 12672 | Lair:1   | Entered Level 1 of the Lair of Beasts
 12672 | Lair:1   | Noticed a four-headed hydra
 12676 | Lair:1   | Noticed a five-headed hydra
 12678 | Lair:1   | Killed a one-headed hydra
 12679 | Lair:1   | Noticed Gastronok
 12684 | Lair:1   | Killed a one-headed hydra
 12707 | Lair:1   | Killed Gastronok
 12707 | Lair:1   | Reached skill level 10 in Shields
 12707 | Lair:1   | Reached skill level 5 in Invocations
 12707 | Lair:1   | Reached XP level 12. HP: 81/97 MP: 15/15
 12786 | Lair:1   | Noticed Urug
 12800 | Lair:1   | Killed Urug
 14696 | Lair:2   | Noticed a seven-headed hydra
 15204 | Lair:2   | Found a staircase to the Shoals.
 15273 | Lair:2   | Reached **** piety under Makhleb
 15287 | Lair:2   | Killed a one-headed hydra
 15927 | Lair:2   | Reached skill level 10 in Armour
 15936 | Lair:2   | Reached XP level 13. HP: 110/110 MP: 17/19
 16456 | Lair:2   | HP: 5/110 [death yak (14)]
 17092 | Lair:3   | Found a hole to the Spider Nest.
 17738 | Lair:3   | You fall into a shaft and drop 3 floors!
 17738 | Lair:6   | Entered Level 6 of the Lair of Beasts
 17997 | Lair:6   | Found a frozen archway.
 18021 | Lair:6   | Noticed Nessos
 18023 | IceCv    | Entered an ice cave
 18212 | IceCv    | Reached skill level 10 in Fighting
 18234 | IceCv    | Found the +27 Lear's hauberk
 18334 | Lair:6   | Killed Nessos
 18474 | Lair:6   | Reached skill level 10 in Invocations
 18712 | Lair:6   | Reached skill level 18 in Axes
 18743 | Lair:6   | Reached ***** piety under Makhleb
 19053 | Lair:3   | Found a large runed translucent door.
 19053 | Lair:3   | Found a large runed translucent door.
 19057 | Lair:3   | Noticed Kinoniko's ghost (journeyman DrBe)
 19091 | Lair:3   | Reached XP level 14. HP: 121/121 MP: 22/22
 19234 | Lair:3   | Reached skill level 19 in Axes
 19992 | Lair:4   | Noticed Rupert
 20006 | Lair:4   | Killed Rupert
 20516 | Lair:5   | Found a runed translucent door.
 20516 | Lair:5   | Found a viscous altar of Jiyva.
 20518 | Lair:5   | Found a staircase to the Slime Pits.
 21055 | Slime:1  | Entered Level 1 of the Pits of Slime
 21055 | Slime:1  | Noticed an azure jelly
 21235 | D:5      | Bought a brightly glowing war axe for 229 gold pieces
 21235 | D:5      | Identified the cursed +0 war axe of Sudden Death {vorpal,
                  | Str+3 Dex+2} (You bought it in a shop on level 5 of the
                  | Dungeon)
 21403 | D:11     | Reached skill level 20 in Axes
 21445 | D:11     | Found Vaih's Jewellery Emporium.
 21572 | D:7      | Bought a scroll of enchant weapon for 97 gold pieces
 21572 | D:7      | Bought 2 throwing nets for 78 gold pieces
 22024 | D:11     | Found a staircase to the Orcish Mines.
 22375 | D:11     | You fall into a shaft and drop 3 floors!
 22458 | D:14     | Reached ****** piety under Makhleb
 22584 | D:14     | Reached XP level 15. HP: 126/126 MP: 24/24
 22604 | D:14     | Reached skill level 21 in Axes
 22867 | D:13     | Found a gate to the Vaults.
 24225 | D:14     | Reached skill level 22 in Axes
 24425 | D:15     | Entered Level 15 of the Dungeon
 24431 | D:15     | Noticed Josephine
 24438 | D:15     | Killed Josephine
 24578 | D:15     | Got a fine lapis lazuli ring
 24579 | D:15     | Identified the ring of Exhibitionism {MR+ Stlth-} (You
                  | found it on level 15 of the Dungeon)
 25157 | D:15     | Found a staircase to the Depths.
 25428 | D:12     | Noticed Frances
 25439 | D:12     | Killed Frances
 25439 | D:12     | Reached XP level 16. HP: 102/136 MP: 26/26
 25512 | D:12     | Found a shadowy altar of Dithmenos.
 25807 | D:12     | Noticed Snorg
 25815 | D:12     | Killed Snorg
 26389 | D:11     | Reached skill level 23 in Axes
 26461 | Orc:1    | Entered Level 1 of the Orcish Mines
 26880 | Orc:2    | Entered Level 2 of the Orcish Mines
 27327 | Orc:2    | Found a staircase to the Elven Halls.
 27614 | Orc:2    | Found Nani's Distillery.
 27614 | Orc:2    | Found Eluresai's Gadget Emporium.
 27625 | Orc:2    | Found Lith's Antique Armour Shop.
 27625 | Orc:2    | Found Heblasm's Magic Scroll Emporium.
 27655 | Orc:2    | Bought a scroll of acquirement for 728 gold pieces
 27655 | Orc:2    | Bought a scroll of enchant weapon for 105 gold pieces
 27655 | Orc:2    | Bought a scroll of teleportation for 42 gold pieces
 27867 | Orc:2    | Bought a phial of floods for 480 gold pieces
 28266 | Shoals:1 | Entered Level 1 of the Shoals
 28386 | Shoals:1 | Found Bxtakosm's Bounteous Boutique.
 29284 | Shoals:1 | Acquired the ring of Raabrihi {rC+ rN+}
 29697 | Shoals:1 | Noticed a kraken
 29931 | Shoals:1 | Killed a kraken
 30196 | Shoals:2 | Noticed Ilsuiw
 30199 | Shoals:2 | Reached skill level 24 in Axes
 30226 | Shoals:2 | Killed from afar by Ilsuiw

Illustrated notes

Levels and vault maps discovered:
D:1:      scummos_arrival_simple_fountains, layout_loops_ring,
          chequers_mini_garden
D:2:      layout_basic, minmay_divided_ellipse
D:3:      layout_rooms
D:4:      layout_cave_pods, serial_shops, shop, shop, nicolae_shop_trees,
          chequers_garden, kennysheep_opposing_triangles
D:5:      minmay_skewed_foursquare, layout_rooms, kennysheep_little_box,
          biasface_ghost_orc_armoury, serial_shops, shop_fountains,
          shop_fountains, shop_statue, shop_statue,
          nicolae_tso_swordbearing_angel, uniq_sigmund, uniq_grinder
D:6:      layout_cave_pools, minmay_temple_entry_gardened_gates
D:7:      layout_basic, serial_shops, nicolae_shop_behind_doors, serial_curves,
          eino_curves_02, eino_curves_04, minmay_misc_feat_columns,
          minmay_crystal_water, serial_bayou_crossing
D:8:      layout_loops_cross, david_lair_generic, basic_altar
D:9:      cheibrodos_ideogram_h, layout_irregular_city, serial_shops,
          kennysheep_mini, gammafunk_ghost_hive
D:10:     layout_small_grid, ebering_ghost_reflecting_pool, uniq_joseph,
          uniq_erolcha
D:11:     lemuel_slime, layout_small_grid, orc_0_dummy, serial_shops, shop,
          corexii_checkpoint_a
D:12:     layout_loops_ring, nicolae_dithmenos_shadow_blocks, uniq_frances,
          uniq_snorg
D:13:     layout_basic, ximxim_vaults_locker_room
D:14:     lemuel_flame_loot_2, layout_cross
D:15:     grunt_enter_depths_hoard, layout_loops_ring, minmay_misc_feat_cross,
          drop_trap, uniq_josephine
Temple:   compressed_dpeg_triangle_lava_temple
Lair:1:   layout_cave_pods, serial_bayou_shore_a, lemuel_fruit_fields,
          infiniplex_staircase_pool_2, uniq_urug, uniq_gastronok
Lair:2:   layout_regular_city, minmay_shoals_entry_beasts, grunt_megastairs_5,
          lemuel_fruit_fields
Lair:3:   layout_loops_ring, dummy_spider_entry, ebering_ghost_disaster_area
Lair:4:   layout_cave_pods, lemuel_fruit_tree, grunt_megastairs_3,
          minmay_lair_oklob_chamber, uniq_rupert
Lair:5:   layout_roguey, slime_altar_2, nicolae_quartered_pool_super,
          beast_lair_carwin_7
Lair:6:   grunt_lair_end_beastmaster, layout_regular_city,
          portal_ice_cave_entry_ice_beasts, grunt_megastairs_1,
          infiniplex_staircase_pool, uniq_nessos
Shoals:1: layout_shoals, nicolae_alphabet_shops,
          nicolae_shoals_siren_and_animal_friends
Shoals:2: nzn_motion_control, layout_shoals, uniq_ilsuiw
Slime:1:  layout_caves
Orc:1:    layout_caves
Orc:2:    grunt_orc_tribal_feast, layout_diamond_mine

Skill      XL: |  1  2  3  4  5  6  7  8  9 10 11 12 13 14 15 16 |
---------------+-------------------------------------------------+-----
Axes           | 3 4 5 6 8 10 12 14 16 17 18 20 22 24 | 24.0
Fighting       | 4 6 8 10 12 | 12.4
Shields        | 4 5 6 8 10 11 12 | 12.0
Armour         | 4 5 6 8 10 11 12 | 12.7
Invocations    | 5 8 10 13 14 | 14.5

Action                   |  1- 3 |  4- 6 |  7- 9 | 10-12 | 13-15 | 16-18 || total
-------------------------+-------+-------+-------+-------+-------+-------++-------
Melee: War axe           |   108 |   152 |   364 |   678 |   235 |       ||  1537
       Hand axe          |       |       |       |    21 |    45 |    13 ||    79
       Executioner's axe |       |       |       |       |   701 |   438 ||  1139
Throw: Throwing net      |       |       |     2 |       |     1 |       ||     3
Invok: Minor Destruction |       |       |       |     9 |       |       ||     9
       Lesser Servant of |       |       |       |       |     1 |       ||     1
       Major Destruction |       |       |       |       |     1 |       ||     1
       Greater Servant o |       |       |       |       |       |     1 ||     1
Evoke: Wand              |       |       |     1 |     4 |     9 |       ||    14
  Use: Scroll            |       |     6 |    16 |    13 |    18 |     6 ||    59
       Potion            |       |     1 |     3 |     7 |     4 |     3 ||    18
 Stab: Paralysed         |       |       |     5 |    12 |     3 |       ||    20
       Held in net/web   |       |       |     1 |       |       |       ||     1
       Petrified         |       |       |       |       |       |     2 ||     2
Armor: Scale mail        |    64 |    71 |       |    72 |   103 |       ||   310
       Plate armour      |       |    12 |   176 |   169 |       |       ||   357
       Chain mail        |       |       |       |       |   544 |   304 ||   848
Dodge: Dodged            |    49 |    47 |    79 |   168 |   603 |   316 ||  1262
Block: Kite shield       |    57 |    90 |   158 |   357 |   164 |       ||   826

Table legend: (Time is in decaauts)
 A = Elapsed time spent in this place.
 B = Non-inter-level travel time spent in this place.
 C = Inter-level travel time spent in this place.
 D = Time resting spent in this place.
 E = Time spent auto-exploring this place.
 F = Levels seen in this place.
 G = Mean time per level.
                   A        B        C        D        E       F      G
               +--------+--------+--------+--------+--------+-----+--------+
         Total |  30154 |  28017 |   2137 |   5009 |  17974 |  28 | 1076.9 |
       Dungeon |  17632 |  16046 |   1586 |   2195 |  10869 |  15 | 1175.5 |
        Temple |    430 |    395 |     35 |      0 |    367 |   1 |  430.0 |
          Lair |   8141 |   7748 |    393 |   1826 |   4799 |   6 | 1356.8 |
        Shoals |   2044 |   2024 |     20 |    788 |    889 |   2 | 1022.0 |
    Slime Pits |      1 |      1 |      0 |      0 |      0 |   1 |    1.0 |
  Orcish Mines |   1625 |   1524 |    101 |    200 |    980 |   2 |  812.5 |
      Ice Cave |    278 |    278 |      0 |      0 |     70 |   1 |  278.0 |
               +--------+--------+--------+--------+--------+-----+--------+

Top non-repeatable levels by time:
  Lair:2: 2329 daAuts
     D:9: 2063 daAuts
     D:4: 1988 daAuts
Shoals:1: 1847 daAuts
     D:8: 1739 daAuts
  Lair:3: 1728 daAuts
  Lair:1: 1667 daAuts
     D:2: 1372 daAuts
     D:5: 1289 daAuts
   Orc:2: 1204 daAuts
    D:13: 1124 daAuts
     D:1: 1118 daAuts
    D:10: 1006 daAuts
  Lair:5: 941 daAuts
    D:14: 938 daAuts
